AoeStats
← HR nomadplayer

African Clearing

505375922Analyzed
4v4 RM · 24d ago on Sep 9, 2026· 35m 32s· 8 players
Game mode
Random Map
Map size
Large (8 player)
Population
200
Speed
Normal
Resources
Standard
Victory
Conquest
Starting age
Dark Age
Ending age
Imperial Age
RankedLock teamsTeams togetherTeam positionsShared explorationLock speedFull tech treeHidden civsTurbo modeCheats
Victory
Defeat
🇺🇸 Mongols · United States
1891
+13
🇺🇸 Malay · United States
1859
+14
🇨🇳 Ethiopians · China
1741
+19
🇺🇸 Poles · United States
1735
+19
🇨🇱 Tatars · Chile
1910
-19
🇨🇱 Jurchens · Chile
1826
-17
🇨🇱 Japanese · Chile
1816
-16
🇨🇱 Bulgarians · Chile
1721
-13
HR itu
13:07 Feudal Age
11:33 Loom
17:34 Castle Age
15:41 Double-Bit Axe
17:07 Bloodlines
18:19 Horse Collar
24:12 Husbandry
24:17 Town Watch
27:55 Wheelbarrow
28:46 Forging
29:22 Hand Cart
29:42 Scale Barding Armor
30:31 Chain Barding Armor
31:30 Iron Casting
33:50 Fletching
34:01 Padded Archer Armor
34:19 Bodkin Arrow
33:58 Elite Skirmisher
35:49 Leather Archer Armor
HR nomadplayer
4:56 Loom
13:13 Feudal Age
18:47 Castle Age
18:06 Fletching
18:55 Crossbowman
24:34 Bodkin Arrow
HR Pinkman
5:38 Loom
14:30 Feudal Age
18:02 Castle Age
16:06 Double-Bit Axe
17:57 Fletching
18:54 Scale Mail Armor
19:41 Sanctity
23:30 Atonement
25:56 Redemption
30:38 Bow Saw
32:14 Wheelbarrow
33:59 Horse Collar
neromelnick
11:16 Feudal Age
10:19 Loom
26:37 Double-Bit Axe
26:33 Horse Collar
32:18 Wheelbarrow
35:23 Castle Age
Aztec1327970
9:11 Loom
11:57 Feudal Age
12:27 Double-Bit Axe
12:37 Horse Collar
16:58 Wheelbarrow
20:21 Castle Age
19:07 Bloodlines
19:22 Forging
19:22 Scale Barding Armor
20:34 Forging
21:30 Husbandry
26:20 Chain Barding Armor
29:32 Bow Saw
35:47 Heavy Plow
FYI Inc
7:16 Loom
11:57 Feudal Age
12:30 Town Watch
12:54 Double-Bit Axe
15:35 Castle Age
14:18 Horse Collar
16:27 Bow Saw
21:15 Stone Mining
22:13 Fletching
25:26 Wheelbarrow
26:21 Husbandry
26:58 Gold Mining
27:38 Bodkin Arrow
28:48 Ballistics
28:30 Padded Archer Armor
29:22 Bloodlines
33:44 Imperial Age
31:59 Leather Archer Armor
32:23 Thumb Ring
33:28 Heavy Plow
34:41 Coinage
34:26 Bracer
35:31 Chemistry
FYI Basher
13:24 Feudal Age
11:55 Loom
16:19 Castle Age
14:54 Double-Bit Axe
32:07 Horse Collar
32:27 Town Watch
33:04 Bow Saw
33:45 Wheelbarrow
35:07 Stone Mining
清远华
6:42 Loom
33:48 Feudal Age
37:30 Castle Age
Connection lost

Rejoining the realm…

Still unreachable

The connection could not be restored.

Session expired

The server has moved on; the page needs a fresh start.